 Dungeon Crawl Stone Soup version 0.32-a0-913-g739538afd8 (webtiles) character file.

Game seed: 5386750706328883759

176480 jasper the Wrestler (level 18, -27/101 (105) HPs)
             Began as a Vine Stalker Fighter on Apr 7, 2024.
             Was the Champion of Wu Jian.
             Killed from afar by Asterion (53 damage)
             ... with an orb of electricity
             ... on level 1 of the Snake Pit.
             The game lasted 00:48:44 (24040 turns).

jasper the Wrestler (Vine Stalker Fighter)         Turns: 24040, Time: 00:48:45

HP:   -27/101 (105) AC: 24    Str: 26    XL:     18   Next: 13%
MP:   0/19          EV: 13    Int: 11    God:    Wu Jian [******]
Gold: 185           SH: 14    Dex: 11    Spells: 4/17 levels left

rFire   . .          .
                       - Unarmed
rCold   . . .        I - +2 kite shield
rNeg    + + .        E - +3 swamp dragon scales
rPois   +            x - +2 helmet
rElec   .            v - +2 cloak
rCorr   +            (no gloves)
SInv    .            c - +2 pair of boots
Will    ++...        s - amulet "Gijis" {rN++ Regen+ Int+3 Dex-4}
Stlth   +            n - ring of resist corrosion
HPRegen 1.96/turn    R - +4 ring of protection
MPRegen 0.16/turn

%: guardian spirit
@: lightly drained
A: fangs 3, regeneration 1, magic shield, antimagic bite, no potion heal 2
a: Renounce Religion, Wall Jump, Serpent's Lash, Heavenly Storm


You were on level 1 of the Snake Pit.
You worshipped Wu Jian.
Wu Jian was exalted by your worship.
You visited 7 branches of the dungeon, and saw 28 of its levels.
You also visited: Sewer, Bailey and Ice Cave.

You collected 3499 gold pieces.
You spent 3314 gold pieces at shops.

Inventory:

Missiles
 e - 175 stones (quivered)
 m - 2 throwing nets
 K - 15 curare-tipped darts
Armour
 c - a +2 pair of boots (worn)
 i - the +4 Cigotuvi's embrace {Corpsefed rMiasma ^Drain rN+}
   (You found it on level 5 of the Lair of Beasts)

   Corpsefed: It gathers nearby corpses to temporarily increase the armour it
   provides.
   rMiasma:   It protects you from foul pestilence.
   rN+:       It protects you from negative energy.
   ^Drain:    It drains your maximum health when unequipped.
 v - a +2 cloak (worn)
 x - a +2 helmet (worn)
 E - +3 swamp dragon scales (worn)
 I - a +2 kite shield (worn)
Jewellery
 f - a ring of poison resistance
 n - a ring of resist corrosion (left hand)
 s - the amulet "Gijis" (around neck) {rN++ Regen+ Int+3 Dex-4}
   (You took it off an orc warrior on level 14 of the Dungeon)

   [amulet of regeneration]

   Int+3:     It affects your intelligence (+3).
   Dex-4:     It affects your dexterity (-4).
   rN++:      It greatly protects you from negative energy.
   Regen+:    It increases your rate of health regeneration.
 G - a ring of fire
 J - a ring of protection from fire
 P - a ring of ice
 R - a +4 ring of protection (right hand)
 Z - an amulet of reflection
Wands
 u - a wand of light (16)
 y - a wand of polymorph (22)
 z - a wand of flame (20)
 D - a wand of paralysis (28)
 L - a wand of digging (13)
 S - a wand of warping (45)
Scrolls
 a - 9 scrolls of identify
 d - a scroll of torment
 o - 9 scrolls of teleportation
 t - 5 scrolls of poison
 B - 5 scrolls of revelation
 C - 6 scrolls of vulnerability
 H - 2 scrolls of fear
 Q - 3 scrolls of amnesia
 T - 4 scrolls of immolation
 U - 3 scrolls of fog
 Y - a scroll of blinking
Potions
 b - 4 potions of might
 h - a potion of attraction
 j - 6 potions of heal wounds
 k - 7 potions of lignification
 l - 3 potions of enlightenment
 p - 12 potions of curing
 q - 6 potions of brilliance
 r - a potion of resistance
 w - 3 potions of haste
 A - a potion of cancellation
 M - 2 potions of invisibility
 N - 2 potions of berserk rage
 O - 4 potions of ambrosia
 V - 2 potions of magic
Miscellaneous
 g - a lightning rod (4/4)
 F - a box of beasts
 W - a phantom mirror (inert)
 X - a tin of tremorstones (2/2)


   Skills:
 + Level 15.7 Fighting
 - Level 2.4 Armour
 - Level 10.0 Dodging
 + Level 13.6 Shields
 * Level 23.4 Unarmed Combat
 - Level 5.0 Evocations


You had 4 spell levels left.
You knew the following spells:

 Your Spells              Type           Power      Damage    Failure   Level
a - Passwall              Erth           0%         N/A       94%         3
b - Teleport Other        Tloc           0%         N/A       94%         3
c - Swiftness             Air            0%         N/A       94%         3
d - Vhi's Electric Charg  Tloc/Air       0%         N/A       100%        4

Your spell library contained the following spells:

 Spells                   Type           Power      Damage    Failure   Level
 Shock                    Conj/Air       0%         1d3       63%         1
 Slow                     Hex            0%         N/A       63%         1
 Call Imp                 Summ           0%         N/A       77%         2
 Cigotuvi's Dreadful Rot  Necr/Alch/Air  0%         N/A       77%         2
 Ensorcelled Hibernation  Hex/Ice        0%         N/A       77%         2
 Lesser Beckoning         Tloc           0%         N/A       77%         2
 Sublimation of Blood     Necr           0%         N/A       77%         2
 Confusing Touch          Hex            0%         N/A       94%         3
 Hailstorm                Conj/Ice       0%         3d5       94%         3
 Inner Flame              Hex/Fire       0%         N/A       94%         3
 Maxwell's Portable Pile  Tloc           0%         2d(5-13)  94%         3
 Summon Ice Beast         Ice/Summ       0%         N/A       94%         3
 Tukima's Dance           Hex            0%         N/A       94%         3
 Vampiric Draining        Necr           0%         2d6       94%         3
 Volatile Blastmotes      Fire/Tloc      0%         2d10      94%         3
 Brom's Barrelling Bould  Conj/Erth      0%         2d3       100%        4
 Dimensional Bullseye     Hex/Tloc       0%         N/A       100%        4
 Dispel Undead            Necr           0%         3d6       100%        4
 Fulminant Prism          Conj/Alch      0%         3d5       100%        4
 Ignite Poison            Fire/Alch      0%         N/A       100%        4
 Iskenderun's Mystic Bla Conj/Tloc 0%             2d3        (+2d1     100%        4
 Leda's Liquefaction      Alch/Erth      0%         N/A       100%        4
 Martyr's Knell           Necr/Summ      0%         N/A       100%        4
 Passage of Golubria      Tloc           0%         N/A       100%        4
 Petrify                  Alch/Erth      0%         N/A       100%        4
 Arcjolt                  Conj/Air       0%         1d10      100%        5
 Freezing Cloud           Conj/Ice/Air   0%         6-21      100%        5
 Irradiate                Conj/Alch      0%         3d11      100%        5
 Lee's Rapid Deconstruct  Erth           0%         3d4*      100%        5
 Metabolic Englaciation   Hex/Ice        0%         N/A       100%        5
 Yara's Violent Unravell  Hex/Alch       0%         3d3       100%        5
 Bombard                  Conj/Erth      0%         9d1       100%        6
 Dispersal                Tloc           0%         N/A       100%        6
 Gell's Gavotte           Tloc           0%         2d(11-16) 100%        6
 Permafrost Eruption      Ice/Erth       0%         2x4d1     100%        6
 Summon Hydra             Summ           0%         N/A       100%        7
 Ignition                 Fire           0%         3d3       100%        8
 Maxwell's Capacitive Co  Air            0%         ∞         100%        8
 Summon Horrible Things   Summ           0%         N/A       100%        8


Dungeon Overview and Level Annotations

Branches:
Dungeon (15/15)            Temple (1/1) D:7            Lair (5/5) D:9
  Swamp (3/4) Lair:2        Snake (1/4) Lair:3        Slime (0/5) Lair:5
    Orc (2/2) D:10            Elf (0/3) Orc:2        Vaults (0/5) D:14
 Depths (1/4) D:15          Sewer (visited)          Bailey (visited)
  IceCv (visited)

Altars:
Ashenzari
Cheibriados
Dithmenos
Elyvilon
Fedhas
Gozag
Hepliaklqana
Kikubaaqudgha
Makhleb
Nemelex Xobeh
Okawaru
Qazlal
Ru
Sif Muna
Trog
Uskayaw
Vehumet
Wu Jian
Xom
Yredelemnul
Zin
The Shining One
Jiyva

Shops:
D:3 (   D:6 *   D:14 (   Orc:2 :=[*(::*   Snake:1 :=:   Depths:1 (

Portals:
Abyss: D:4
Trove: D:15 (give +4 storm dragon scales)

Annotations:
D:4 2 transporters, 601d51SH's ghost, novice GnCA
D:7 exclusion: oklob plant
Snake:1 Asterion


Innate Abilities, Weirdness & Mutations

You have razor-sharp teeth.
Your natural rate of healing is unusually fast.
When hurt, damage is shared between your health and your magic reserves.
Your bite disrupts and absorbs the magic of your enemies.
Potions cannot restore your health.


Message History

Aiming: Phantom Mirror
Press: ? - help, Dir - move target, f - Asterion
Aim: Asterion, wielding a +0 spectral demon whip, wearing a +0 scale mail and wearing a +0 kite shield (moderately wounded, fast)
You reflect Asterion with the mirror!
The mirror clouds!
You feel less exhausted.
The +0 spectral demon whip disappears.
Asterion blocks Asterion's attack.
Your +0 spectral demon whip hits Asterion!
Asterion gores Asterion.
Asterion hits you with a +0 spectral demon whip!!
* * * LOW HITPOINT WARNING * * *
You block Asterion's attack.
You take 24 damage, and have 19/101 hp.
MASSIVE DAMAGE!!
You now have 5/19 mp.
Okay, then.
Blink to where?
Press: ? - help, Dir - move target, p - Asterion
As you read the scroll of blinking, it crumbles to dust.
Your +0 spectral demon whip disappears.
You regained 2 hp, and now have 21/101 hp.
Asterion hits Asterion with a +0 spectral demon whip.
Asterion blocks your +0 spectral demon whip's attack.
Asterion blocks Asterion's attack.
You regained 2 hp, and now have 23/101 hp.
Aiming: Paralyse
Press: ? - help, Shift-Dir - straight line, f - Asterion
Aim: Asterion, wielding a +0 spectral demon whip, wearing a +0 scale mail and wearing a +0 kite shield (heavily wounded, fast, ally target, chance to affect: 5%) Asterion resists with almost no effort.
Asterion utters an invocation to Makhleb.
Asterion blocks something's attack.
Your +0 spectral demon whip disappears.
Aiming: Bolt of Light
Press: ? - help, Shift-Dir - straight line, f/p - Asterion
Aim: Asterion, wielding a +0 spectral demon whip, wearing a +0 scale mail and wearing a +0 kite shield (heavily wounded, fast, ally target, 100% to hit)
The bolt of light hits Asterion!
Asterion is heavily wounded.
Asterion is blinded.
Asterion conjures a destructive force in the name of Makhleb!
The orb of electricity explodes!
The orb of electricity engulfs you!!!
Ouch! That really hurt!
You die...
Asterion bellows, "I am king!
All will kneel!"

....#♣.......♣##...####.......###
#...#♣♣♣♣∩♣♣♣♣#..#...##........##
#...#####.#####........##).....##
..#......)......................#
..##..#......##...#........)....#
...##.#...#...###.##.^.##2##....#
##.......##.#..##.#######.###...#
#####..........##...####..####..#
.........##.#...@..H.H.2....###..
............##.#........#........
.......####.##..........#...#....
.......# #...####.......####....
...##### .... #...#...........
..## .. . ##..#......#.. . ### .
#....###...# ...#... .### ##..###
##


You could see Asterion (fast, blind, unable to see you, ally target), a balrug
(summoned) and the friendly Asterion (summoned, fast, drained).

Vanquished Creatures
  Nikola (Swamp:1)
  A sphinx (Depths:1)
  Kirke (Lair:3)
  A reaper (IceCv)
  A stone giant (Depths:1)
  5 eleionomae
  A vampire knight (Depths:1)
  8 bunyips
  3 dire elephants (Lair:5)
  Azrael (D:14)
  A fire dragon (Depths:1)
  2 shambling mangroves
  The ghost of Ejipi the Metamorph, a journeyman DrSh of Hepliaklqana (Lair:2)
  2 alligators (Swamp:1)
  Fannar (D:11)
  11 hydras
  A ghost crab (Swamp:1)
  An anaconda (Snake:1)
  A spriggan air mage (Swamp:1)
  7 centaur warriors
  2 catoblepae (Lair:5)
  2 deep troll shamans (Depths:1)
  6 boulder beetles
  8 two-headed ogres
  A tengu warrior (D:15)
  3 deep troll earth magi
  8 death yaks (Lair:5)
  3 orc high priests (Orc:2)
  An occultist (D:15)
  A spectral dire elephant (Lair:5)
  A naga sharpshooter (Snake:1)
  11 spriggans
  A naga warrior (Snake:1)
  7 skeletal warriors
  Nergalle (D:11)
  A skyshark (Lair:5)
  4 goliath frogs
  A shadow wraith (D:14)
  A spectral anaconda (Lair:5)
  A death drake (Swamp:2)
  3 deep trolls
  A flayed ghost (Depths:1)
  2 spriggan druids
  A sea snake (shapeshifter) (Depths:1)
  7 bog bodies
  4 mana vipers (Snake:1)
  2 deep elf pyromancers (D:15)
  An arcanist (D:13)
  A swamp dragon (Swamp:1)
  A phantasmal warrior (Depths:1)
  A naga ritualist (Snake:1)
  4 necromancers (Lair:5)
  A deep elf zephyrmancer (D:14)
  9 orc knights
  A steelbarb worm (shapeshifter) (Depths:1)
  2 cyclopes
  12 ugly things
  A manticore (D:12)
  6 will-o-the-wisps
  8 orc sorcerers
  8 centaur zombies (D:13)
  3 meliai (D:14)
  2 ice statues (IceCv)
  A kobold blastminer (Orc:1)
  28 elephants
  8 black mambas
  3 gargoyles
  A dire elephant zombie (Lair:5)
  14 cane toads
  A dire elephant skeleton (Lair:5)
  A kobold demonologist (D:13)
  5 komodo dragons
  An anaconda simulacrum (IceCv)
  8 ice devils (IceCv)
  2 tengu conjurers (D:15)
  5 tyrant leeches
  A queen bee (D:11)
  A troll (shapeshifter) (D:12)
  5 trolls
  10 hornets
  18 blink frogs
  12 polar bears
  2 slime creatures (D:13)
  A centaur simulacrum (D:15)
  2 shadows
  5 wyverns
  3 vampires (D:13)
  6 wraiths
  71 yaks
  2 hogs (Lair:3)
  2 dire elephant simulacra (IceCv)
  8 basilisks
  A human (shapeshifter) (D:14)
  3 fire elementals (D:14)
  3 water elementals
  8 wargs
  6 steam dragons
  17 vampire mosquitoes
  2 death yak simulacra (IceCv)
  8 swamp worms
  7 nagas
  Edmund (D:6)
  A harpy simulacrum (IceCv)
  An acid dragon (D:14)
  22 water moccasins
  5 hell hounds (D:14)
  An ice beast (D:7)
  A sky beast (D:8)
  2 black bears
  2 crocodiles (Sewer)
  29 orc warriors
  An elephant zombie (Lair:5)
  4 ogres
  15 wolves
  17 centaurs
  2 elephant skeletons (Lair:5)
  A brain worm (Orc:2)
  6 kobold brigands
  Blork the orc (D:6)
  3 gnoll sergeants
  11 bullfrogs
  5 scorpions
  A two-headed ogre simulacrum (Orc:2)
  8 wights
  33 killer bees
  5 elephant simulacra
  2 electric eels (D:15)
  4 howler monkeys
  2 bombardier beetles
  13 jellies
  3 gnoll boudas
  13 orc priests
  2 iguanas
  21 orc wizards
  8 hell rats
  A sickly merfolk siren (Sewer)
  4 spriggan simulacra
  2 polar bear simulacra
  3 troll simulacra
  A malarious merfolk avatar (Sewer)
  A wolf simulacrum (IceCv)
  33 gnolls
  8 adders
  4 naga simulacra
  3 river rats
  A shadow imp (D:7)
  4 white imps
  11 ufetubi
  6 ribbon worms
  A dart slug (D:5)
  83 orcs
  13 ball pythons
  14 endoplasms
  3 giant cockroaches
  7 goblins
  9 hobgoblins
  4 jackals (D:3)
  35 kobolds
  5 quokkas
  2 bats
  9 frilled lizards
  28 rats
1019 creatures vanquished.

Vanquished Creatures (others)
  An elephant (Lair:5)
  An orc warrior (Bailey)
  An orc wizard (Orc:2)
  A white imp (IceCv)
  18 foxfires
22 creatures vanquished.

Grand Total: 1041 creatures vanquished

Notes
Turn   | Place    | Note
-------+----------+-------------------------------------------
     0 | D:1      | jasper the Vine Stalker Fighter began the quest for the
                  | Orb.
     0 | D:1      | Reached XP level 1. HP: 11/11 MP: 2/2
   170 | D:1      | Reached XP level 2. HP: 16/16 MP: 3/3
  1120 | D:2      | Reached XP level 3. HP: 19/19 MP: 4/4
  1243 | D:2      | Reached skill level 1 in Dodging
  1243 | D:2      | Reached skill level 3 in Unarmed Combat
  1243 | D:2      | Reached XP level 4. HP: 23/24 MP: 5/5
  1805 | D:3      | Found a blossoming altar of Fedhas.
  1891 | D:3      | Found a bloodstained altar of Trog.
  1938 | D:3      | Reached XP level 5. HP: 28/28 MP: 6/6
  2025 | D:3      | Reached skill level 4 in Unarmed Combat
  2116 | D:3      | Found Morow's Weapon Emporium.
  2147 | D:3      | Reached XP level 6. HP: 32/32 MP: 7/7
  2255 | D:3      | HP: 1/32 [orc priest/+0 hand axe (3)]
  2803 | D:4      | Found a snail-covered altar of Cheibriados.
  2826 | D:4      | Found a glowing drain.
  2896 | Sewer    | Entered a sewer
  3093 | Sewer    | Reached XP level 7. HP: 14/37 MP: 4/8
  3204 | Sewer    | Reached skill level 5 in Unarmed Combat
  3522 | D:4      | Found a transporter.
  3527 | D:4      | Found a one-way gate to the infinite horrors of the Abyss.
  3527 | D:4      | Identified the +8 chain mail of Prudence {Dex-2 Slay+6}
  3527 | D:4      | Noticed 601d51SH's ghost (novice GnCA)
  3637 | D:4      | Found a sparkling altar of Nemelex Xobeh.
  3729 | D:4      | Noticed a small abomination
  3748 | D:4      | Found a transporter.
  3787 | D:4      | Reached skill level 1 in Evocations
  3971 | D:5      | Entered Level 5 of the Dungeon
  4019 | D:5      | Found an iron altar of Okawaru.
  4101 | D:5      | Gained mutation: You have razor-sharp teeth. [Vine Stalker
                  | growth]
  4101 | D:5      | Reached XP level 8. HP: 42/42 MP: 9/9
  4242 | D:5      | Reached skill level 6 in Unarmed Combat
  4275 | D:5      | Noticed a yak
  4276 | D:5      | Noticed a yak
  4276 | D:5      | Noticed a yak
  4285 | D:5      | Noticed a yak
  4287 | D:5      | Noticed a yak
  4289 | D:5      | Killed a yak
  4294 | D:5      | Killed a yak
  4297 | D:5      | Killed a yak
  4301 | D:5      | Killed a yak
  4302 | D:5      | Reached skill level 5 in Fighting
  4302 | D:5      | Reached skill level 5 in Shields
  4302 | D:5      | Reached XP level 9. HP: 47/47 MP: 10/10
  4305 | D:5      | Reached skill level 7 in Unarmed Combat
  4342 | D:5      | Got the Precepts of the Allied Discharge
  4646 | D:5      | Identified a scroll of acquirement
  4646 | D:5      | Acquired 903 gold pieces
  4786 | D:6      | Noticed Blork the orc
  4791 | D:6      | Killed Blork the orc
  4804 | D:6      | Found a shimmering blue altar of Sif Muna.
  4960 | D:6      | Noticed Edmund
  4969 | D:6      | Killed Edmund
  5047 | D:6      | Found Memnodgh's General Store.
  5050 | D:6      | Found a hazy altar of Hepliaklqana.
  5378 | D:6      | Bought a wand of polymorph (4) for 84 gold pieces
  5378 | D:6      | Bought a wand of flame (8) for 84 gold pieces
  5474 | D:6      | Found an opulent altar of Gozag.
  5803 | D:7      | Found a staircase to the Ecumenical Temple.
  5812 | Temple   | Entered the Ecumenical Temple
  5896 | D:7      | Reached skill level 8 in Unarmed Combat
  5933 | D:7      | Found an ornate altar of the Wu Jian Council.
  5945 | D:7      | Became a worshipper of the Wu Jian Council
  6100 | D:7      | Noticed a troll
  6107 | D:7      | Killed a troll
  6170 | D:7      | Found an ancient bone altar of Kikubaaqudgha.
  6280 | D:7      | Reached XP level 10. HP: 51/53 MP: 11/11
  6346 | D:7      | Found a burning altar of Makhleb.
  6347 | D:7      | Found a stormy altar of Qazlal.
  6422 | D:7      | Noticed an oklob plant
  6494 | D:7      | Reached * piety under Wu Jian
  6618 | D:7      | Reached skill level 5 in Dodging
  6850 | D:8      | Reached skill level 9 in Unarmed Combat
  7032 | D:8      | Identified the +7 short sword "Xohu" {antimagic, rElec rF-
                  | rN+++ Dex+2}
  7092 | D:8      | Got the Atlas of Distorted Snow
  7340 | D:8      | Reached ** piety under Wu Jian
  7429 | D:9      | Reached skill level 5 in Evocations
  7443 | D:9      | Found a staircase to the Lair.
  7464 | D:9      | Found a flagged portal.
  7511 | Bailey   | Entered a bailey
  7550 | Bailey   | Reached skill level 10 in Unarmed Combat
  7564 | Bailey   | Reached XP level 11. HP: 58/58 MP: 12/12
  7577 | Bailey   | Reached *** piety under Wu Jian
  7974 | Bailey   | Reached skill level 13 in Unarmed Combat
  7974 | Bailey   | Reached XP level 12. HP: 63/63 MP: 13/13
  8097 | D:9      | Found a white marble altar of Elyvilon.
  8310 | D:9      | Noticed a two-headed ogre
  8316 | D:9      | Killed a two-headed ogre
  8402 | D:9      | Noticed a two-headed ogre
  8411 | D:9      | Killed a two-headed ogre
  8576 | D:10     | Entered Level 10 of the Dungeon
  8665 | D:10     | Reached **** piety under Wu Jian
  8709 | D:10     | Found a staircase to the Orcish Mines.
  8773 | D:10     | Reached skill level 14 in Unarmed Combat
  8935 | D:10     | Found a sacrificial altar of Ru.
  8936 | D:10     | Noticed a two-headed ogre
  8941 | D:10     | Killed a two-headed ogre
 10065 | D:11     | Noticed Fannar
 10080 | D:11     | Killed Fannar
 10083 | D:11     | Noticed Nergalle
 10092 | D:11     | Killed Nergalle
 10297 | D:11     | Reached XP level 13. HP: 15/70 MP: 4/14
 10754 | D:12     | Reached ***** piety under Wu Jian
 10755 | D:12     | Reached skill level 15 in Unarmed Combat
 11108 | Lair:1   | Entered Level 1 of the Lair of Beasts
 11221 | Lair:1   | Reached skill level 10 in Fighting
 11515 | Lair:1   | Identified the +1 leather armour of Uskayaw's Reproof {rN+
                  | Dex+2}
 12113 | Lair:2   | Found a runed translucent door.
 12113 | Lair:2   | Noticed Ejipi's ghost (journeyman DrSh)
 12148 | Lair:2   | Killed Ejipi's ghost
 12205 | Lair:2   | Reached skill level 16 in Unarmed Combat
 12243 | Lair:2   | Found a staircase to the Swamp.
 12251 | Lair:2   | Reached XP level 14. HP: 60/79 MP: 15/15
 12965 | Lair:3   | Noticed Kirke
 12975 | Lair:3   | Killed Kirke
 12997 | Lair:3   | Found a staircase to the Snake Pit.
 13253 | Lair:3   | You fall into a shaft and drop 1 floor!
 13704 | Snake:1  | Entered Level 1 of the Snake Pit
 13753 | Lair:4   | Reached skill level 10 in Shields
 13753 | Lair:4   | Reached skill level 17 in Unarmed Combat
 14251 | Lair:5   | Entered Level 5 of the Lair of Beasts
 14255 | Lair:5   | Found a viscous altar of Jiyva.
 14257 | Lair:5   | Found a staircase to the Slime Pits.
 14471 | Lair:5   | Reached XP level 15. HP: 85/85 MP: 16/16
 15378 | Orc:1    | Entered Level 1 of the Orcish Mines
 15403 | Orc:2    | Entered Level 2 of the Orcish Mines
 15408 | Orc:2    | Reached skill level 18 in Unarmed Combat
 15410 | Orc:2    | Found Gagod's Book Shop.
 15431 | Orc:2    | Found Dozxyexe's Assorted Antiques.
 15433 | Orc:2    | Found a frozen archway.
 15444 | IceCv    | Entered an ice cave
 15830 | Orc:2    | Bought a pair of glowing boots for 210 gold pieces
 15830 | Orc:2    | Bought a scroll of identify for 56 gold pieces
 15830 | Orc:2    | Bought a potion of enlightenment for 140 gold pieces
 16230 | Orc:2    | Found a staircase to the Elven Halls.
 16287 | Orc:2    | Found Xeihexud's Book Emporium.
 16287 | Orc:2    | Noticed Sonja
 16329 | Orc:2    | Found Muaplo's Book Shoppe.
 16333 | Orc:2    | Bought a manual of Unarmed Combat for 1200 gold pieces
 16356 | Orc:2    | Bought a book of Movement for 560 gold pieces
 16360 | Orc:2    | Learned a level 3 spell: Passwall
 16364 | Orc:2    | Learned a level 3 spell: Teleport Other
 16368 | Orc:2    | Learned a level 3 spell: Swiftness
 16373 | Orc:2    | Learned a level 4 spell: Vhi's Electric Charge
 16574 | Orc:2    | Sonja changed into Sonja the brain worm
 16574 | Orc:2    | Noticed Sonja
 16580 | Orc:2    | Killed Sonja the brain worm
 16685 | Orc:2    | Reached skill level 10 in Dodging
 16686 | Orc:2    | Found Laywep's Weapon Boutique.
 16686 | Orc:2    | Found Vaelliub's General Store.
 16688 | Orc:2    | Found Riysodd's Antique Armour Boutique.
 16688 | Orc:2    | Found Weunugag's Jewellery Shoppe.
 16710 | Orc:2    | Bought a glowing helmet for 210 gold pieces
 16710 | Orc:2    | Bought a glowing cloak for 210 gold pieces
 17207 | Lair:5   | Found the +4 Cigotuvi's embrace {Corpsefed rMiasma ^Drain
                  | rN+}
 17238 | Lair:5   | Reached skill level 19 in Unarmed Combat
 17294 | Lair:5   | Reached XP level 16. HP: 81/90 MP: 17/17
 17305 | Lair:5   | Identified the +8 trident of Qempe {venom, Str+4 Dex+2}
 17958 | D:13     | Reached skill level 20 in Unarmed Combat
 18641 | D:14     | Noticed Azrael
 18658 | D:14     | Killed Azrael
 18770 | D:14     | Identified the amulet "Gijis" {rN++ Regen+ Int+3 Dex-4}
 18873 | D:14     | Reached skill level 21 in Unarmed Combat
 18888 | D:14     | Found a gate to the Vaults.
 19028 | D:14     | Found Rystovi's Weapon Shop.
 19355 | D:15     | Entered Level 15 of the Dungeon
 19392 | D:15     | Found a portal to a secret trove of treasure.
 19734 | D:15     | Found a staircase to the Depths.
 19737 | D:15     | Reached XP level 17. HP: 89/98 MP: 18/18
 19745 | Depths:1 | Entered Level 1 of the Depths
 19767 | Depths:1 | Reached skill level 22 in Unarmed Combat
 19778 | Depths:1 | Noticed a sphinx
 19780 | Depths:1 | Killed a sphinx
 19808 | Depths:1 | Found Gijy's Weapon Shoppe.
 19897 | D:15     | Reached skill level 15 in Fighting
 20546 | Swamp:1  | Entered Level 1 of the Swamp
 20992 | Orc:2    | Bought a ring of resist corrosion for 240 gold pieces
 21551 | Swamp:1  | You fall into a shaft and drop 1 floor!
 21913 | Swamp:1  | Noticed Nikola
 21927 | Swamp:1  | Killed Nikola
 22267 | Swamp:2  | Reached skill level 23 in Unarmed Combat
 23101 | Swamp:3  | Found an ornate altar of the Wu Jian Council.
 23240 | Swamp:3  | Reached XP level 18. HP: 66/105 MP: 9/19
 23761 | Snake:1  | Reached ****** piety under Wu Jian
 23899 | Snake:1  | Found Gyanoup's Book Shop.
 23899 | Snake:1  | Found Cafyeta's Jewellery Shoppe.
 23900 | Snake:1  | Found Idym's Book Shop.
 23906 | Snake:1  | Bought a ring of poison resistance for 320 gold pieces
 24010 | Snake:1  | Noticed Asterion
 24040 | Snake:1  | Killed from afar by Asterion

Illustrated notes

Levels and vault maps discovered:
D:1:      minmay_arrival_split_and_join, layout_basic, serial_bayou,
          serial_bayou_pond_d, serial_bayou_shore_a, serial_bayou_ford_a,
          serial_bayou_lagoon_a, hangedman_decor_growths, kennysheep_minor_cross
D:2:      layout_loops_corners
D:3:      layout_basic, amcnicky_altar_gilded, fedhas_altar_1, serial_shops,
          nicolae_shop_bloodbath_and_beyond, minmay_misc_feat_enclosed,
          minivault_19
D:4:      layout_basic, mainiacjoe_overflow_paths, nemelex_altar_shiori,
          gammafunk_ghost_abyssal_escape, cheibrodos_sewer_entry_bend
D:5:      layout_loops_ring, okawaru_gym_becter
D:6:      layout_basic, mainiacjoe_overflow_concentric_impassable,
          grunt_gozag_breadcrumbs, mainiacjoe_overflow_24_doors, serial_shops,
          nicolae_inconvenience_store, uniq_blork_the_orc, uniq_edmund
D:7:      lemuel_slime, layout_basic, mainiacjoe_overflow_catwalk,
          nicolae_wu_jian_immortal_techniques, gammafunk_temple_overflow_pools,
          minmay_temple_entry_waves, minmay_puff
D:8:      layout_rooms
D:9:      layout_rooms, elyvilon_altar_5, dpeg_lair_monsters, enter_bailey_2
D:10:     layout_basic, lemuel_round_altar, orc_0_dummy
D:11:     layout_roguey, special_room [special_room_bee], glass_columns_c,
          uniq_nergalle, uniq_fannar
D:12:     layout_cave_pools, st_stairs_5
D:13:     layout_gridville, serial_undead, serial_undead_f, serial_undead_e,
          serial_undead_a, serial_undead_c, serial_undead_d, serial_undead_e,
          minmay_circle_x
D:14:     layout_irregular_city, david_vaults_4, serial_shops, shop_fountains,
          nicolae_figureground_pulse, small_chamber_with_monster, uniq_azrael
D:15:     hellmonk_depths_entry_around_the_bend, layout_irregular_city,
          enter_trove_1, chequers_big_river
Temple:   hellmonk_temple_two_chambers
Lair:1:   layout_loops_ring, grunt_megastairs_3, serial_bayou_shore_b,
          serial_bayou_shore_b, lemuel_fruit_tree
Lair:2:   layout_hall_layers, skrybe_swamp_entry_bodies,
          ebering_ghost_inner_flame
Lair:3:   layout_hall_layers, minmay_snake_entry_guardpost_small, uniq_kirke
Lair:4:   layout_hall_layers, chequers_serial_rivers_room_a,
          beast_lair_carwin_8, grunt_megastairs_1
Lair:5:   due_jungle_book, layout_gridlike, slime_entry_1, grunt_megastairs_4
Swamp:1:  layout_basic_swamp, nicolae_swamp_feature_on_the_river_bank,
          uniq_nikola
Swamp:2:  nicolae_swamp_secret_spriggan_hideout, layout_basic_swamp,
          serial_swamp_ruin, evilmike_swamp_ruin_wall,
          hangedman_swamp_ruin_wall, nicolae_swamp_decorative_isthmus
Swamp:3:  layout_falls_marsh, nicolae_swamp_godswood
Snake:1:  layout_misc_corridors, serial_bayou, serial_bayou_pond_e,
          serial_bayou_shore_b, serial_bayou_shore_b, serial_bayou_pond_a,
          minmay_shop_grove, uniq_asterion
Orc:1:    layout_caves
Orc:2:    grunt_orc_tribal_feast, layout_diamond_mine, serial_shops,
          nicolae_shop_tiny_waterfront, nicolae_shop_window_shopping,
          nicolae_shop_tiny_waterfront, nicolae_book_shop_shelving,
          portal_ice_cave_entry_ice_simulacra, uniq_sonja
Depths:1: layout_cave_pools, hell_entry, serial_shops,
          nicolae_shop_real_fake_doors, nicolae_take_the_stairs,
          nicolae_shop_tiny_glass, kennysheep_little_box, kennysheep_diamond,
          guppyfry_shop_earth, minmay_shoptagon

Skill      XL: |  1  2  3  4  5  6  7  8  9 10 11 12 13 14 15 16 17 |
---------------+----------------------------------------------------+-----
Fighting       | 3 4 5 6 7 9 11 12 13 14 15 | 15.7
Dodging        | 1 2 3 4 5 7 8 9 10 | 10.0
Shields        | 3 4 5 6 8 9 10 11 12 13 | 13.6
Unarmed Combat | 3 4 5 6 8 10 13 14 16 17 19 21 23 | 23.4
Evocations     | 1 2 4 5 |  5.0
Armour         | |  2.4

Action                     |  1- 3 |  4- 6 |  7- 9 | 10-12 | 13-15 | 16-18 || total
---------------------------+-------+-------+-------+-------+-------+-------++-------
  Melee: Unarmed           |    81 |   216 |   235 |   547 |   985 |  1054 ||  3118
         Bite              |    18 |    49 |    76 |   136 |   365 |   340 ||   984
  Throw: Boomerang         |     4 |       |       |       |       |       ||     4
         Throwing net      |       |       |     3 |       |       |       ||     3
         Stone             |       |       |       |     2 |       |       ||     2
 Invoke: Serpent's Lash    |       |       |       |     3 |     3 |     1 ||     7
         Heavenly Storm    |       |       |       |       |     5 |     2 ||     7
Ability: Lunge             |       |       |     4 |    85 |    95 |    59 ||   243
         Whirlwind         |       |       |       |   112 |   439 |   415 ||   966
         Wall Jump         |       |       |       |       |     1 |     3 ||     4
  Evoke: Wand              |       |     6 |       |     2 |     1 |     2 ||    11
         Lightning rod     |       |       |       |       |       |     7 ||     7
         Phantom mirror    |       |       |       |       |       |     1 ||     1
    Use: Scroll            |     3 |     3 |    14 |     2 |     3 |     7 ||    32
         Potion            |       |     1 |     1 |     4 |       |     1 ||     7
   Stab: Invisible         |       |       |     2 |     2 |       |       ||     4
         Distracted        |       |       |       |       |     1 |       ||     1
 Armour: Scale mail        |    10 |       |       |       |       |       ||    10
         Ring mail         |    36 |    94 |    52 |       |       |       ||   182
         Chain mail        |       |       |    92 |   320 |   343 |    11 ||   766
         Leather armour    |       |       |       |       |       |   280 ||   280
         Swamp dragon scal |       |       |       |       |       |   166 ||   166
  Dodge: Dodged            |    27 |    80 |    86 |   176 |   236 |   290 ||   895
  Block: Buckler           |     7 |    40 |    56 |    26 |    12 |       ||   141
         Kite shield       |       |       |       |   190 |   289 |   369 ||   848

Table legend: (Time is in decaauts)
 A = Elapsed time spent in this place.
 B = Non-inter-level travel time spent in this place.
 C = Inter-level travel time spent in this place.
 D = Time resting spent in this place.
 E = Time spent auto-exploring this place.
 F = Levels seen in this place.
 G = Mean time per level.
                   A        B        C        D        E       F      G
               +--------+--------+--------+--------+--------+-----+--------+
         Total |  24133 |  21757 |   2376 |    590 |  15096 |  31 |  778.5 |
       Dungeon |  13139 |  11904 |   1235 |    199 |   8797 |  15 |  875.9 |
        Temple |      1 |      1 |      0 |      0 |      0 |   1 |    1.0 |
          Lair |   5092 |   4455 |    637 |    200 |   3057 |   5 | 1018.4 |
         Swamp |   2568 |   2360 |    208 |     34 |   1701 |   3 |  856.0 |
     Snake Pit |    353 |    352 |      1 |      5 |    227 |   1 |  353.0 |
  Orcish Mines |   1450 |   1166 |    284 |      0 |    918 |   2 |  725.0 |
        Depths |     93 |     84 |      9 |      0 |      0 |   1 |   93.0 |
         Sewer |    567 |    567 |      0 |     25 |    229 |   1 |  567.0 |
        Bailey |    544 |    544 |      0 |    127 |    114 |   1 |  544.0 |
      Ice Cave |    321 |    321 |      0 |      0 |     51 |   1 |  321.0 |
               +--------+--------+--------+--------+--------+-----+--------+

Top non-repeatable levels by time:
    D:10: 1708 daAuts
  Lair:5: 1376 daAuts
  Lair:1: 1059 daAuts
   Orc:2: 1045 daAuts
     D:6: 1017 daAuts
     D:1: 1013 daAuts
  Lair:2: 976 daAuts
     D:7: 969 daAuts
  Lair:3: 948 daAuts
     D:3: 935 daAuts
 Swamp:2: 921 daAuts
    D:14: 919 daAuts
 Swamp:1: 913 daAuts
    D:15: 851 daAuts
     D:9: 830 daAuts
